 Dungeon Crawl Stone Soup version 0.25-a0-310-g60f0ac2d9a (webtiles) character file.

Game seed: 6090895463058087925, levelgen mode: deterministic

181 Glalom the Charmwright (level 5, -7/38 HPs)
             Began as a Merfolk Skald on Dec 23, 2019.
             Was a Follower of Qazlal.
             Mangled by an ogre
             ... wielding a cursed -1 giant club
              (16 damage)
             ... on level 3 of the Dungeon.
             The game lasted 00:09:32 (3135 turns).

Glalom the Charmwright (Merfolk Skald)              Turns: 3135, Time: 00:09:32

Health: -7/38      AC:  3    Str: 12    XL:     5   Next: 61%
Magic:  4/8        EV: 12    Int: 13    God:    Qazlal [*.....]
Gold:   107        SH:  1    Dex: 13    Spells: 2/8 levels left

rFire    . . .     SeeInvis .   a - +0 spear
rCold    . . .     Gourm    .   (no shield)
rNeg     . . .     Faith    .   b - +0 leather armour
rPois    .         Spirit   .   (no helmet)
rElec    .         Reflect  .   (no cloak)
rCorr    .         Harm     .   (no gloves)
MR       .....                  (no boots)
Stlth    +.........             (no amulet)
HPRegen  0.12/turn              (no ring)
MPRegen  0.11/turn              (no ring)

@: no status effects
A: change form in water, swift swim, stealthy swim
a: Renounce Religion


You were on level 3 of the Dungeon.
You worshipped Qazlal.
Qazlal was aware of your devotion.
You were very hungry.

You visited 1 branch of the dungeon, and saw 4 of its levels.

You collected 107 gold pieces.

Inventory:

Hand Weapons
 a - a +0 spear (weapon)
Armour
 b - a +0 leather armour (worn)
 i - a +2 scale mail of fire resistance
Jewellery
 r - an uncursed amulet of magic regeneration {unknown}
Scrolls
 c - 2 scrolls of fear {unknown}
 e - 3 scrolls of identify
 f - 2 scrolls of amnesia {unknown}
 g - a scroll of enchant weapon {unknown}
 h - 3 scrolls of immolation {unknown}
 j - a scroll of teleportation {unknown}
 l - a scroll of magic mapping {unknown}
 p - a scroll of remove curse {unknown}
Potions
 k - 2 potions of curing
 m - a potion of might {unknown}
 n - 2 potions of lignification {unknown}
 o - a potion of degeneration {unknown}
 q - a potion of magic {unknown}
 s - a potion of flight {unknown}
Comestibles
 d - 8 rations


   Skills:
 - Level 2.1 Fighting
 - Level 3.0 Polearms
 - Level 0.6 Armour
 - Level 2.6 Dodging
 - Level 2.0 Spellcasting
 + Level 2.7 Hexes
 + Level 5.5 Charms
 - Level 1.0 Translocations


You had 2 spell levels left.
You knew the following spells:

 Your Spells              Type           Power        Failure   Level  Hunger
a - Infusion              Chrm           ###.         3%          1    ##.....
b - Shroud of Golubria    Chrm/Tloc      #.....       13%         2    ###....
c - Spectral Weapon       Hex/Chrm       ##......     19%         3    ####...

Your spell library contained the following spells:

 Spells                   Type           Power        Failure   Level  Hunger
 Song of Slaying          Chrm           ###.....     4%          2    ###....
 Regeneration             Chrm/Necr      #.........   30%         3    ####...


Dungeon Overview and Level Annotations

Branches:
Dungeon (4/15)
 Temple: D:4-7

Altars:
Ashenzari
Qazlal


Message History

The orc is heavily wounded.
The orc hits you with a +0 mace.
* * * LOW HITPOINT WARNING * * *
You closely miss the orc.
The orc is heavily wounded.
The orc hits you with a +0 mace.
* * * LOW HITPOINT WARNING * * *
Okay, then.
It was a potion of curing.
You feel better. The orc misses you.
The crimson imp blinks!
The frilled lizard hisses.
Your magical infusion is running out.
There is an open door here.
There is an open door here.
You are no longer magically infusing your attacks.
There is a stone staircase leading up here.
The orc hits you but does no damage.
You climb upwards.
The ogre barely misses you.
The ogre hits you with a cursed -1 giant club!
You die...

#.# #.....#
#†######
#####.####.....#
#.#
#.....#.......##
#.#
#.###.#.......#
#.#
#.#...........#
#.#
#.#.#.#.......#
#.#
#.....#.......#
#.#
###.##.......O#
#.#
#.##......@o####.#
#......#.........#
####.#.....#######
#.###.#.#
#.###.#.# #.#
#.....#.## ...
######...# ..#
#...# ..#
#...###### ..#


You could see an ogre and an orc.

Vanquished Creatures
  A phantom (D:4)
  An orc wizard (D:4)
  2 adders
  A dart slug (D:2)
  2 leopard geckos (D:1)
  2 orcs (D:4)
  A ball python (D:3)
  4 bats
  2 giant cockroaches
  6 goblins
  3 hobgoblins (D:2)
  3 jackals (D:2)
  9 kobolds
  A quokka (D:4)
  10 frilled lizards
  7 rats
55 creatures vanquished.

Notes
Turn   | Place    | Note
-------+----------+-------------------------------------------
     0 | D:1      | Glalom the Merfolk Skald began the quest for the Orb.
     0 | D:1      | Reached XP level 1. HP: 16/16 MP: 3/3
   206 | D:1      | Reached XP level 2. HP: 22/22 MP: 0/5
   259 | D:1      | Learned a level 2 spell: Shroud of Golubria
   335 | D:1      | Reached skill level 4 in Charms
   973 | D:2      | Found a stormy altar of Qazlal.
   989 | D:2      | Became a worshipper of Qazlal Stormbringer
  1044 | D:2      | Reached skill level 1 in Translocations
  1044 | D:2      | Reached XP level 3. HP: 8/27 MP: 0/6
  1229 | D:2      | Learned a level 3 spell: Spectral Weapon
  2124 | D:3      | Reached skill level 1 in Hexes
  2177 | D:3      | Reached XP level 4. HP: 7/33 MP: 2/7
  2199 | D:3      | HP: 1/33 [poisoned by an adder]
  2597 | D:3      | Noticed an ogre
  2723 | D:4      | Noticed a phantom
  2767 | D:4      | Killed a phantom
  2767 | D:4      | Reached skill level 5 in Charms
  2767 | D:4      | Reached XP level 5. HP: 20/38 MP: 0/8
  2984 | D:4      | Found a shattered altar of Ashenzari.
  3112 | D:4      | Reached * piety under Qazlal
  3115 | D:4      | HP: 1/38 [orc/+0 mace (3)]
  3135 | D:3      | Mangled by an ogre

Levels and vault maps discovered:
D:1:      zelgadis_glass_arrival_small, layout_rooms
D:2:      layout_basic, grunt_qazlal_sundering, first_ration,
          minmay_heptomino_o4
D:3:      layout_loops_cross, hangedman_abyss_or_decor_stabs,
          nicolae_gozag_cash_rules_everything_around_me
D:4:      layout_loops_corners, nicolae_ashenzari_panopticon,
          minmay_temple_entry_wispy

Skill      XL: |  1  2  3  4 |
---------------+-------------+-----
Charms         | 4 5 |  5.5
Translocations | 1 |  1.0
Hexes          | 1 2 |  2.7
Fighting       | |  2.1
Polearms       | |  3.0
Armour         | |  0.6
Dodging        | |  2.6
Spellcasting   | |  2.0

Action                   |  1- 3 |  4- 6 || total
-------------------------+-------+-------++-------
Melee: Spear             |   136 |    77 ||   213
 Cast: Infusion          |    29 |     4 ||    33
       Shroud of Golubri |     3 |     2 ||     5
  Use: Scroll            |     1 |       ||     1
       Potion            |       |     1 ||     1
 Stab: Sleeping          |     2 |       ||     2
  Eat: Chunk             |     4 |     3 ||     7
Armor: Leather armour    |    22 |    15 ||    37
Dodge: Dodged            |    78 |    34 ||   112

Table legend:
 A = Non-vault XP
 B = Vault XP
 C = Vault XP percentage of total XP
 D = Non-vault monster count
 E = Vault monster count
 F = Vault count percentage of total count
                 A         B        C        D         E       F
            +---------+---------+-------+---------+---------+-------
      Total |     257 |       2 |   0.8 |      54 |       1 |   1.8
            +---------+---------+-------+---------+---------+-------
        D:1 |      28 |       0 |   0.0 |      19 |       0 |   0.0
        D:2 |      48 |       2 |   4.0 |      22 |       1 |   4.3
        D:3 |      20 |       0 |   0.0 |       5 |       0 |   0.0
        D:4 |     161 |       0 |   0.0 |       8 |       0 |   0.0
            +---------+---------+-------+---------+---------+-------
